 Dungeon Crawl Stone Soup version 0.20.0-8-g6b59dc7 (webtiles) character file.

51 mike2R the Sneak (level 3, 0/28 HPs)
             Began as a Naga Wizard on May 30, 2017.
             Slain by Robin
             ... wielding a +3 mace of draining
              (6 damage)
             ... on level 2 of the Dungeon.
             The game lasted 00:10:10 (1750 turns).

mike2R the Sneak (Naga Wizard)                      Turns: 1750, Time: 00:10:10

Health: 0/28       AC:  2    Str:  9    XL:     3   Next: 81%
Magic:  1/7        EV: 10    Int: 19    God:
Gold:   43         SH:  0    Dex:  9    Spells: 1/8 levels left

rFire    . . .     SeeInvis +   t - +3 dagger
rCold    . . .     Gourm    .   (no shield)
rNeg     . . .     Faith    .   a - +0 robe
rPois    +         Spirit   .   b - +0 hat
rElec    .         Reflect  .   (no cloak)
rCorr    .         Harm     .   (no gloves)
MR       .....                  (no barding)
Stlth    ++........             (no amulet)
Regen    0.1/turn               (no ring)
MPRegen  0.1/turn               (no ring)

@: very slow
A: see invisible, deformed body, poison resistance, slowness 2, slow metabolism
1, spit poison 1, AC +1
a: Spit Poison


You were on level 2 of the Dungeon.
You were not hungry.

You visited 1 branch of the dungeon, and saw 2 of its levels.

You collected 43 gold pieces.

Inventory:

Hand Weapons
 e - a +0 club
 l - a +0 dagger
 t - a +3 dagger (weapon)
Missiles
 i - 40 arrows
 j - 66 stones
 q - 5 tomahawks (quivered)
Armour
 a - a +0 robe (worn)
 b - a +0 hat (worn)
Scrolls
 f - a scroll of amnesia {unknown}
 g - 2 scrolls of teleportation {unknown}
 k - a scroll of noise {unknown}
 n - a scroll of identify {unknown}
 s - a scroll of remove curse {unknown}
Potions
 m - a potion of mutation {unknown}
 o - a potion of might {unknown}
 r - a potion of lignification {unknown}
Books
 c - a book of Minor Magic

   Spells                             Type                      Level
   a - Magic Dart                     Conjuration                  1
   b - Blink                          Translocation                2
   c - Call Imp                       Summoning                    2
   d - Slow                           Hexes                        2
   e - Conjure Flame                  Conjuration/Fire             3
   f - Mephitic Cloud                 Conjuration/Poison/Air       3
Comestibles
 d - 3 bread rations
 h - 3 meat rations
 p - a fruit


   Skills:
 + Level 0.8 Short Blades
 - Level 1.5 Dodging
 - Level 3.0 Stealth
 - Level 3.0 Spellcasting
 - Level 2.3 Conjurations
 - Level 1.6 Hexes
 - Level 1.2 Summonings
 - Level 1.4 Translocations


You had one spell level left.
You knew the following spells:

 Your Spells              Type           Power        Failure   Level  Hunger
a - Magic Dart            Conj           ##..         6%          1    None
b - Blink                 Tloc           N/A          13%         2    ##.....
c - Call Imp              Summ           #.......     14%         2    ##.....
d - Slow                  Hex            #.......     12%         2    ##.....


Dungeon Overview and Level Annotations

Branches:
Dungeon (2/15)

Altars:

Annotations:
D:2 Robin


Innate Abilities, Weirdness & Mutations

You cannot wear boots.
Your serpentine skin is tough. (AC +1)
You have supernaturally acute eyesight. (SInv)
Armour fits poorly on your strangely shaped body.
Your system is resistant to poisons. (rPois)
You cover ground very slowly.
You have a slow metabolism.
You can spit poison.


Message History

The goblin hits you with a club.
You have got your breath back.
Casting: Slow
Confirm with . or Enter, or press ? or * to list all spells.
Okay, then.
Casting: Slow
Confirm with . or Enter, or press ? or * to list all spells.
You blink.
Robin throws the goblin at you! The goblin hits you with a club.
You hit the goblin.
The goblin is severely wounded.
The goblin hits you with a club.
* * * LOW HITPOINT WARNING * * *
You closely miss the goblin.
The goblin is severely wounded.
The goblin hits you with a club.
* * * LOW HITPOINT WARNING * * *
You hit the goblin.
You kill the goblin!
Robin hits you with a mace of draining.
You die...

# #................# #.#
############.####..# .#
.............# #..#
.............# ##.##
############.#####..#
...........#........#
#.######.##########.####.##
...........................
..######.##.....@g..####.#
### #.##...(......# #.#
#.##..........###.#
#.##............#.#######
#.##.........#..#.......#
#.##.........#..#.....#.#
#............##.#.#...#.# .
##++#####.#####.†.....#.##
. #.# #...#.......


You could see Robin.

Vanquished Creatures
  2 adders (D:2)
  A leopard gecko (D:1)
  6 goblins
  6 hobgoblins
  5 bats
  2 frilled lizards (D:1)
  2 kobolds (D:1)
  9 rats
33 creatures vanquished.

Vanquished Creatures (collateral kills)
  A goblin (D:2)
  A hobgoblin (D:2)
  A kobold (D:1)
3 creatures vanquished.

Grand Total: 36 creatures vanquished

Notes
Turn   | Place    | Note
-------+----------+-------------------------------------------
     0 | D:1      | mike2R the Naga Wizard began the quest for the Orb.
     0 | D:1      | Reached XP level 1. HP: 15/15 MP: 4/4
   229 | D:1      | Reached XP level 2. HP: 22/22 MP: 1/6
   598 | D:1      | Learned a level 2 spell: Blink
   601 | D:1      | Learned a level 2 spell: Call Imp
   604 | D:1      | Learned a level 2 spell: Slow
   853 | D:1      | Reached skill level 1 in Hexes
   973 | D:2      | Reached XP level 3. HP: 11/28 MP: 0/7
  1719 | D:2      | Noticed Robin
  1750 | D:2      | Slain by Robin

Skill      XL: |  1  2 |
---------------+-------+-----
Conjurations   | 2 |  2.3
Hexes          | 1 |  1.6
Short Blades   | |  0.8
Dodging        | |  1.5
Stealth        | |  3.0
Spellcasting   | |  3.0
Summonings     | |  1.2
Translocations | |  1.4

Action                   || total
-------------------------++-------
Melee: Club              ||    28
       Dagger            ||    10
 Cast: Magic Dart        ||    57
       Call Imp          ||     4
       Blink             ||     2
       Slow              ||     2
 Abil: Spit Poison       ||     8
 Stab: Distracted        ||     1
       Sleeping          ||     1
  Eat: Chunk             ||     2
Armor: Robe              ||    13
Dodge: Dodged            ||    37
